 Dungeon Crawl Stone Soup version 0.28.0-53-g5a82cb258f (webtiles) character file.

Game seed: 8145527356663761422

129 issech the Skirmisher (level 4, 0/41 HPs)
             Began as a Minotaur Monk on June 20, 2022.
             Succumbed to an orc wizard's poison
             ... on level 3 of the Dungeon.
             The game lasted 00:05:28 (2803 turns).

issech the Skirmisher (Minotaur Monk)               Turns: 2803, Time: 00:05:29

Health: 0/41       AC:  9    Str: 15    XL:     4   Next: 88%
Magic:  3/3        EV:  7    Int:  7    God:
Gold:   87         SH:  0    Dex: 15    Spells: 3/3 levels left

rFire   . . .      SeeInvis .   g - +0 short sword (speed)
rCold   . . .      Faith    .   (no shield)
rNeg    . . .      Spirit   .   l - +0 chain mail
rPois   .          Reflect  .   (helmet restricted)
rElec   .          Harm     .   n - +0 cloak
rCorr   +          Rampage  .   (no gloves)
Will    .....                   (no boots)
Stlth   ..........              (no amulet)
HPRegen 0.13/turn               h - ring of resist corrosion
MPRegen 0.08/turn               (no ring)

@: lethally poisoned (0 -> -2), hasted, very quick
A: horns 2, retaliatory headbutt
a: no special abilities


You were on level 3 of the Dungeon.
You visited 1 branch of the dungeon, and saw 3 of its levels.

You collected 87 gold pieces.

Inventory:

Hand Weapons
 a - a +0 hand axe
 g - a +0 short sword of speed (weapon)
 s - a +0 flail
 t - a +0 dagger of venom
Missiles
 b - 4 poisoned darts
 c - 15 stones (quivered)
 i - 23 bolts
 r - 11 arrows
Armour
 l - a +0 chain mail (worn)
 n - a +0 cloak (worn)
Jewellery
 h - a ring of resist corrosion (left hand)
Scrolls
 d - 2 scrolls of acquirement {unknown}
 e - 3 scrolls of identify {unknown}
 f - a scroll of fog {unknown}
 j - a scroll of immolation {unknown}
 k - 2 scrolls of fear {unknown}
 o - a scroll of enchant armour {unknown}
 q - a scroll of holy word {unknown}
Potions
 p - a potion of might {unknown}


   Skills:
 + Level 4.6 Fighting
 + Level 1.7 Short Blades
 + Level 4.4 Axes
 + Level 1.0 Armour
 + Level 4.3 Dodging
 + Level 1.7 Stealth


You had 3 spell levels left.
You didn't know any spells.
Your spell library contained the following spells:

 Spells                   Type           Power      Damage    Failure   Level
 Beastly Appendage        Tmut           0%         N/A       100%        1
 Magic Dart               Conj           0%         1d3       100%        1
 Searing Ray              Conj           0%         2d4       100%        2
 Wereblood                Tmut           0%         N/A       100%        2
 Spider Form              Tmut/Pois      0%         N/A       100%        3
 Fulminant Prism          Conj/Hex       0%         3d6       100%        4


Dungeon Overview and Level Annotations

Branches:
Dungeon (3/15)

Altars:


Innate Abilities, Weirdness & Mutations

You have a pair of horns on your head.
You reflexively headbutt those who attack you in melee.


Message History

The orc wizard is heavily wounded.
You feel very sick.
The orc wizard hits you but does no damage.
You hit the orc wizard.
The orc wizard is severely wounded.
You feel very sick.
The orc wizard gestures wildly while chanting.
The orc wizard flickers and vanishes!
Deactivating autopickup; reactivate with Ctrl-A.
You hit something.
You feel sick.
You hit something but do no damage. Your headbutt misses something.
You feel sick. Something hits you but does no damage.
You are lethally poisoned!
You hit something.
Reactivating autopickup.
You feel a bit more experienced.
You feel sick.
Your Armour skill increases to level 1!
* * * LOW HITPOINT WARNING * * *
You feel very sick.
Things that are here:
a +0 dagger of venom; a +0 robe
* * * LOW HITPOINT WARNING * * *
You feel very sick.
* * * LOW HITPOINT WARNING * * *
You feel sick.
Things that are here:
a +0 dagger of venom; a +0 robe
t - a +0 dagger of venom
* * * LOW HITPOINT WARNING * * *
You feel sick.
* * * LOW HITPOINT WARNING * * *
You feel sick.
* * * LOW HITPOINT WARNING * * *
You feel sick.
* * * LOW HITPOINT WARNING * * *
You feel sick.
* * * LOW HITPOINT WARNING * * *
You feel sick.
It was a potion of haste.
You feel yourself speed up.
You die...

..........................#
...##.#####......#........#
...##..####......##+#######
.................>......
...###..######.#......#.
...####.## #.#...<....
...##....# #.#†....##+
#####....# #.#<...##
#..).## #.#@..## #.....#
#.#..## #...#'####.#..#
#............##
#....).....#[#
#..........#.#
####.......#.# #.......#..
#.......#...


There were no monsters in sight!

Vanquished Creatures
  An orc wizard (D:3)
  4 adders
  4 worms
  A dart slug (D:2)
  2 orcs
  2 ball pythons (D:1)
  3 endoplasms
  A giant cockroach (D:2)
  6 goblins
  7 hobgoblins
  2 quokkas
  8 bats
  3 frilled lizards
  6 kobolds
  8 rats
58 creatures vanquished.

Notes
Turn   | Place    | Note
-------+----------+-------------------------------------------
     0 | D:1      | issech the Minotaur Monk began the quest for the Orb.
     0 | D:1      | Reached XP level 1. HP: 19/19 MP: 0/0
   287 | D:1      | Reached XP level 2. HP: 19/27 MP: 1/1
   929 | D:2      | Reached XP level 3. HP: 23/33 MP: 2/2
  1576 | D:2      | Reached XP level 4. HP: 37/41 MP: 3/3
  2186 | D:3      | Reached skill level 1 in Short Blades
  2451 | D:3      | Found a faded altar of an unknown god.
  2795 | D:3      | Reached skill level 1 in Armour
  2801 | D:3      | HP: 2/41 [poisoned by an orc wizard]
  2803 | D:3      | Succumbed to an orc wizard's poison

Illustrated notes

Levels and vault maps discovered:
D:1:      psy_arrival_terrarium, layout_loops_ring, grunt_decor_one_mirror,
          nicolae_wormholes
D:2:      layout_basic, wad_floor_pattern_untrapped, minmay_stone_trees_small,
          chequers_hall_statues_y, minmay_fractal_squares_5
D:3:      layout_basic, gammafunk_temple_overflow_claw,
          hellmonk_ecumenical_altar_lost_god

Skill      XL: |  1  2  3  4 |
---------------+-------------+-----
Axes           | 4 |  4.4
Fighting       | 4 |  4.6
Dodging        | 4 |  4.3
Short Blades   | 1 |  1.7
Armour         | 1 |  1.0
Stealth        | |  1.7

Action                   |  1- 3 |  4- 6 || total
-------------------------+-------+-------++-------
Melee: Hand axe          |    45 |       ||    45
       Headbutt          |    15 |    12 ||    27
       Punch             |     2 |     2 ||     4
       Short sword       |    46 |    81 ||   127
Throw: Stone             |     5 |       ||     5
  Use: Potion            |       |     1 ||     1
 Stab: Sleeping          |     1 |       ||     1
Armor: Robe              |    13 |       ||    13
       Chain mail        |     1 |    84 ||    85
Dodge: Dodged            |    37 |    37 ||    74
